Map: [ESL] Tropical Sacrifice

Players

PtitDrogo

  • Race: Protoss Protoss
  • Spawn Location: 7:00

Rattata - Winner!

  • Race: Zerg Zerg
  • Spawn Location: 1:00

Event: DreamHack SC2 Masters 2022 Atlanta (Online)

VOD

Have the link to the VOD?

Description

Time

  • Played on: Oct. 9, 2022, 12:33 p.m.
  • Length: 8:41

All games in this series

Show
View Real Time Build Order
Export as new Build Order

PtitDrogo Protoss 

Build Orders: 1 Gate Expand, Oracle Opening, Chargelot Immortal 

Get SALT Encoding   

  12  0:00  Probe  
  13  0:12  Probe  
  14  0:20  Pylon  
  14  0:24  Probe  
  15  0:38  Probe (Chrono Boost)  
  16  0:43  Gateway  
  16  0:47  Probe (Chrono Boost)  
  17  0:52  Probe (Chrono Boost)  
  17  0:53  Assimilator  
  18  1:04  Probe  
  19  1:16  Probe  
  20  1:28  Nexus  
  20  1:38  Cybernetics Core  
  20  1:42  Probe  
  21  1:48  Assimilator  
  21  1:54  Probe  
  21  1:57  Pylon  
  22  2:06  Probe  
  23  2:13  Adept (Chrono Boost)  
  23  2:18  Probe  
  23  2:21  Stargate  
  26  2:27  Warp Gate  
  26  2:35  Adept  
  28  2:41  Probe (Chrono Boost)  
  30  2:44  Probe (Chrono Boost)  
  30  2:50  Probe (Chrono Boost)  
  31  2:53  Probe (Chrono Boost)  
  31  2:55  Probe (Chrono Boost)  
  33  3:03  Oracle (Chrono Boost), Probe  
  34  3:07  Probe  
  38  3:15  Probe  
  38  3:18  Pylon  
  38  3:19  Probe  
  39  3:28  Probe  
  39  3:29  Gateway  
  39  3:30  Oracle (Chrono Boost)  
  39  3:34  Probe  
  44  3:40  Probe  
  45  3:46  Probe  
  45  3:53  Probe  
  46  3:56  Nexus  
  46  3:59  Pylon  
  46  4:00  Probe (Chrono Boost)  
  47  4:07  Oracle  
  51  4:13  Probe (Chrono Boost)  
  51  4:15  Probe (Chrono Boost)  
  52  4:17  Adept  
  52  4:20  Probe (Chrono Boost)  
  52  4:23  Probe (Chrono Boost)  
  56  4:26  Zealot  
  58  4:31  Probe  
  58  4:33  Probe  
  58  4:39  Assimilator x2  
  58  4:40  Adept  
  58  4:43  Probe  
  59  4:45  Robotics Facility  
  59  4:46  Probe  
  60  4:55  Twilight Council, Probe  
  60  4:56  Forge  
  60  4:58  Probe  
  62  5:06  Pylon  
  62  5:08  Probe (Chrono Boost)  
  62  5:09  Probe (Chrono Boost)  
  62  5:10  Probe (Chrono Boost)  
  65  5:20  Probe (Chrono Boost)  
  65  5:21  Probe (Chrono Boost)  
  68  5:22  Probe (Chrono Boost)  
  68  5:25  Shield Battery  
  68  5:28  Probe x3 (Chrono Boost)  
  70  5:34  Probe  
  70  5:35  Probe  
  72  5:36  Observer (Chrono Boost), Probe  
  72  5:38  Protoss Ground Weapons Level 1, Charge  
  72  5:39  Templar Archives  
  75  5:43  Pylon  
  75  5:45  Pylon  
  75  5:46  Probe  
  75  5:47  Probe, Assimilator  
  75  5:48  Probe, Assimilator  
  78  5:54  Immortal  
  82  5:58  Probe  
  82  5:59  Probe  
  82  6:00  Probe  
  85  6:10  Probe  
  86  6:11  Probe  
  86  6:12  Probe  
  86  6:16  Gateway, Psionic Storm  
  88  6:18  Gateway  
  88  6:20  Gateway  
  88  6:22  Gateway, Probe  
  88  6:24  Probe, High Templar  
  92  6:31  Gateway  
  92  6:32  Gateway  
  92  6:35  Immortal (Chrono Boost)  
  96  6:41  Pylon  
  96  6:42  Probe, Pylon  
  97  6:47  Photon Cannon  
  97  6:49  High Templar  
  99  6:55  Pylon  
  99  7:02  Zealot  
  99  7:09  Immortal (Chrono Boost)  
  99  7:12  Nexus  
  99  7:13  High Templar x2  
  99  7:15  High Templar, Pylon  
  109  7:22  Pylon  
  108  7:23  Pylon  
  108  7:29  High Templar x2  
  112  7:31  Photon Cannon  
  112  7:33  Shield Battery, Zealot  
  109  7:50  Stalker x3  
  110  7:53  Immortal (Chrono Boost)  
  108  7:59  Zealot x2  
  108  8:01  Probe  
  108  8:04  Zealot x3  
  117  8:16  Pylon  
  117  8:18  Pylon  
  117  8:19  Pylon  
  117  8:20  Pylon  
  117  8:21  Zealot, Fleet Beacon  
  117  8:22  Zealot x3  
Show
View Real Time Build Order
Export as new Build Order

Rattata Zerg - Winner!

Build Orders: Hatch First, Swarm Host 

Get SALT Encoding   

  12  0:00  Drone  
  13  0:13  Overlord  
  13  0:17  Drone  
  14  0:32  Drone x2  
  16  0:43  Drone  
  17  0:53  Hatchery  
  16  0:57  Drone  
  16  1:00  Drone  
  18  1:11  Extractor  
  18  1:16  Spawning Pool  
  16  1:19  Drone  
  16  1:22  Drone  
  18  1:29  Drone  
  19  1:39  Drone  
  20  1:49  Overlord  
  20  2:03  Queen  
  20  2:05  Queen  
  20  2:06  Zergling x4  
  26  2:14  Drone  
  26  2:15  Metabolic Boost  
  27  2:16  Drone  
  28  2:24  Drone  
  28  2:26  Drone  
  30  2:39  Hatchery  
  30  2:42  Drone  
  30  2:44  Zergling x2  
  30  2:50  Queen  
  32  2:59  Zergling x4  
  32  3:02  Overlord  
  32  3:03  Drone  
  35  3:20  Queen  
  35  3:22  Drone x3  
  35  3:25  Overlord  
  35  3:26  Drone  
  35  3:27  Spore Crawler  
  39  3:30  Drone x2  
  41  3:35  Queen  
  43  3:45  Drone x3  
  46  3:51  Zergling x8  
  48  3:56  Spore Crawler  
  48  4:01  Queen  
  49  4:04  Zergling x4  
  49  4:07  Overlord  
  49  4:09  Drone  
  52  4:11  Drone  
  52  4:12  Drone  
  52  4:15  Drone  
  52  4:17  Drone  
  56  4:19  Drone  
  57  4:24  Spore Crawler  
  57  4:27  Overlord  
  57  4:28  Drone  
  55  4:32  Drone  
  55  4:34  Drone x4  
  59  4:39  Drone, Evolution Chamber  
  59  4:40  Drone  
  58  4:45  Lair  
  58  4:47  Drone x2  
  58  4:48  Drone  
  58  4:51  Drone  
  58  4:52  Drone x2  
  64  4:56  Spore Crawler  
  64  4:58  Overlord  
  64  4:59  Drone  
  64  5:02  Drone x2  
  64  5:06  Zerg Missile Weapons Level 1  
  66  5:09  Extractor  
  66  5:11  Drone  
  66  5:12  Drone, Roach Warren  
  66  5:13  Drone  
  67  5:16  Drone x5  
  72  5:22  Roach Warren  
  72  5:24  Extractor x2  
  72  5:25  Zergling x4  
  72  5:26  Drone  
  72  5:27  Drone x2  
  74  5:30  Drone  
  74  5:32  Extractor  
  74  5:33  Overlord  
  74  5:34  Drone, Extractor  
  74  5:35  Drone  
  75  5:39  Drone  
  76  5:43  Drone  
  76  5:44  Drone x4  
  76  5:47  Infestation Pit  
  76  5:48  Drone  
  81  5:52  Drone x2  
  81  5:54  Drone  
  84  6:01  Glial Reconstitution  
  84  6:03  Spore Crawler  
  83  6:09  Overlord  
  83  6:10  Hatchery  
  84  6:11  Zergling x12  
  84  6:15  Overlord x2  
  84  6:18  Overseer  
  89  6:20  Overlord  
  89  6:21  Overlord  
  89  6:32  Overlord  
  89  6:36  Swarm Host x6  
  89  6:39  Swarm Host  
  110  6:45  Swarm Host x3  
  119  6:48  Overlord  
  119  6:55  Overlord  
  119  6:58  Roach x5  
  126  7:01  Overlord  
  126  7:05  Roach x3  
  130  7:12  Overlord  
  130  7:13  Roach x3  
  136  7:20  Ravager x2  
  136  7:21  Roach x5  
  148  7:28  Zergling x6  
  150  7:38  Roach x5  
  160  7:44  Spore Crawler  
  160  7:47  Zergling x4, Roach x2  
  162  7:55  Zergling x10, Roach x4  
  162  7:57  Ravager  
  175  8:00  Overlord  
  175  8:01  Overlord  
  175  8:05  Overlord  
  175  8:08  Overlord  
  175  8:16  Hydralisk Den, Drone  
  175  8:19  Ravager x2  
  176  8:23  Zergling x6  
  176  8:24  Zergling x6  
Tags
 
Add a new tag
Caveats
  • Supply blocks, unpowered buildings, or Contaminate may cause inaccurate times.
  • Supply counts are checked every 10 seconds.